 Dungeon Crawl Stone Soup version 0.23.2-1-ga50397a (webtiles) character file.

Game seed: 4245427807741419211

46 Borgoz the Ruffian (level 3, -12/31 HPs)
             Began as a Ghoul Monk on May 24, 2019.
             Mangled by Sigmund
             ... wielding a +0 scythe
              (14 damage)
             ... on level 2 of the Dungeon.
             The game lasted 00:01:40 (1459 turns).

Borgoz the Ruffian (Ghoul Monk)                     Turns: 1459, Time: 00:01:41

Health: -12/31     AC:  2    Str: 15    XL:     3   Next: 66%
Magic:  0/2        EV: 18    Int:  5    God:
Gold:   1          SH:  0    Dex: 16    Spells: 2/2 levels left

rFire    . . .     SeeInvis .     - Unarmed
rCold    + . .     Gourm    .   (no shield)
rNeg     + + +     Faith    .   a - +0 robe
rPois    ∞         Spirit   +   (no helmet)
rElec    .         Reflect  .   f - scarf {Spirit}
rCorr    .         Harm     .   (no gloves)
MR       .....                  (no boots)
Stlth    +++.......             (no amulet)
HPRegen  0.00/turn              (no ring)
MPRegen  0.08/turn              (no ring)

@: agile, rotting
A: rotting body, claws 1, carnivore, cold resistance 1, negative energy
resistance 3, inhibited regeneration, torment resistance, unbreathing
a: no special abilities


You were on level 2 of the Dungeon.
You were not hungry.

You visited 1 branch of the dungeon, and saw 2 of its levels.

You collected 1 gold pieces.

Inventory:

Armour
 a - a +0 robe (worn)
 f - a scarf of spirit shield (worn)
Scrolls
 d - 3 scrolls of teleportation {unknown}
 i - a scroll of identify {unknown}
Potions
 j - a potion of agility
Comestibles
 b - 3 rations


   Skills:
 - Level 3.2 Fighting
 * Level 1.6 Armour
 + Level 3.0 Dodging
 - Level 2.1 Stealth
 * Level 4.0 Unarmed Combat


You had 2 spell levels left.
You didn't know any spells.
Your spell library was empty.

Dungeon Overview and Level Annotations

Branches:
Dungeon (2/15)

Altars:
Ru

Annotations:
D:2 Sigmund


Innate Abilities, Weirdness & Mutations

Your body is rotting away.
You thrive on raw meat.
You are immune to poison.
You have sharp fingernails.
You are carnivorous and can eat meat at any time.
Your flesh is cold resistant. (rC+)
You are immune to negative energy. (rN+++)
You do not regenerate when monsters are visible.
You are immune to unholy pain and torment.
You can survive without breathing.


Message History

You closely miss something. Something hits you!
You scratch something. You miss something. Your claw misses something.
Something hits you.
* * * LOW HITPOINT WARNING * * *
You miss something. Something completely misses you.
It was a potion of lignification.
You feel woody for a moment.
It was a potion of agility.
You feel agile all of a sudden. Something hits you.
* * * LOW HITPOINT WARNING * * *
You miss something. Something closely misses you.
You claw something! You scratch something. Something barely misses you.
You claw something! You closely miss something. Something hits you.
* * * LOW HITPOINT WARNING * * *
The leopard gecko hisses menacingly.
Okay, then.
You scratch something but do no damage. Something hits you!
You die...

###########
#.>.......#
#########........[#
#....l{@..........#
#.#######†........#
#######...######
#....<....
#...###### ..##...#
..>#.### ...####
..8##


You could see a leopard gecko.

Vanquished Creatures
  An adder (D:1)
  An ooze (D:2)
  A worm (D:2)
  2 dart slugs (D:1)
  A ball python (D:1)
  2 bats (D:1)
  A giant cockroach (D:1)
  4 goblins
  3 hobgoblins
  A quokka (D:2)
  4 frilled lizards (D:1)
  2 kobolds (D:1)
  3 rats (D:1)
26 creatures vanquished.

Notes
Turn   | Place    | Note
-------+----------+-------------------------------------------
     0 | D:1      | Borgoz the Ghoul Monk began the quest for the Orb.
     0 | D:1      | Reached XP level 1. HP: 19/19 MP: 0/0
   322 | D:1      | Reached XP level 2. HP: 23/26 MP: 1/1
   450 | D:1      | Reached skill level 1 in Armour
   998 | D:2      | Found a sacrificial altar of Ru.
  1018 | D:2      | Reached XP level 3. HP: 17/31 MP: 2/2
  1192 | D:1      | Reached skill level 4 in Unarmed Combat
  1433 | D:2      | Noticed Sigmund
  1459 | D:2      | Mangled by Sigmund

Skill      XL: |  1  2  3 |
---------------+----------+-----
Armour         | 1 |  1.6
Dodging        | 3 |  3.0
Unarmed Combat | 4 |  4.0
Fighting       | |  3.2
Stealth        | |  2.1

Action                   || total
-------------------------++-------
Melee: Unarmed           ||   101
       Punch             ||     2
  Use: Potion            ||     4
 Stab: Sleeping          ||     1
  Eat: Chunk             ||     5
Armor: Robe              ||    10
Dodge: Dodged            ||    56
